[Event "Team 45 45 League T80"]
[Site "Internet Chess Club"]
[Date "2019.04.06"]
[Round "2"]
[White "Portola"]
[Black "kabindra"]
[Result "1-0"]
[WhiteElo "1789"]
[BlackElo "1739"]
[Opening "Queen's pawn game, Darooha variation "]
[ECO "D02"]
[Time "18:00:34"]
[TimeControl "2700+45"]

1. d4 d5 2. Nf3 Nf6 3. c3 c5 4. e3 Nc6 5. Bd3 c4 6. Bc2 Bg4 7. Nbd2 e5 8. dxe5
Nxe5 9. O-O Nd3 10. Qe2 Nxc1 11. Raxc1 Be7 12. e4 dxe4 13. Nxe4 O-O 14. Qxc4
Bxf3 15. gxf3 Qb6 16. Nxf6+ Bxf6 17. Bb3 a5 18. a4 Rac8 19. Qb5 Qc7 20. Rfe1 Qf4
21. Qe2 Rc5 22. Qe3 Rg5+ 23. Kh1 Qh4 24. f4 Rg4 25. Rcd1 Rxf4 26. Qg3 Rxf2 27.
Qc7 Qh5 28. Qg3 Rxb2 29. Bc4 Qg5 30. Qxg5 Bxg5 31. Rd7 Bf6 32. Rxf7 Bxc3 33.
Rf3+ {Black resigns} 1-0

[Event "Team 45 45 League T80"]
[Site "Internet Chess Club"]
[Date "2019.04.07"]
[Round "2"]
[White "julesraider"]
[Black "rubo"]
[Result "1/2-1/2"]
[WhiteElo "1612"]
[BlackElo "1584"]
[Opening "Queen's bishop game"]
[ECO "D02"]
[Time "20:30:37"]
[TimeControl "2700+45"]

1. d4 Nf6 2. Nf3 d5 3. Bf4 c5 4. c3 Qb6 5. Qb3 c4 6. Qc2 Bf5 7. Qc1 Nc6 8. Nbd2
e6 9. Nh4 Bg6 10. h3 Qd8 11. Nhf3 Bd6 12. Ne5 Bxe5 13. dxe5 Nd7 14. Nf3 Qb6 15.
Qd2 h6 16. e3 Be4 17. Be2 Bxf3 18. gxf3 Ndxe5 19. Bh2 Qd8 20. f4 Ng6 21. Bg3 Nh4
22. Rg1 Nf5 23. O-O-O Nxg3 24. Rxg3 Qf6 25. Rdg1 g6 26. Bf3 O-O-O 27. Qc2 Kb8
28. Bh1 Ne7 29. Rd1 Qf5 30. Qa4 Nc8 31. Rd2 Nd6 32. f3 Qf6 33. Rg1 Rhe8 34. Kb1
Qe7 35. Re2 Qf6 36. Qc2 Qf5 37. e4 dxe4 38. fxe4 Qxf4 {Game drawn by mutual
agreement} 1/2-1/2

[Event "Team 45 45 League T80"]
[Site "Internet Chess Club"]
[Date "2019.04.07"]
[Round "2"]
[White "nosir"]
[Black "Hectormercado"]
[Result "0-1"]
[WhiteElo "1415"]
[BlackElo "1426"]
[Opening "Queen's pawn, Mason variation"]
[ECO "D00"]
[Time "10:00:45"]
[TimeControl "2700+45"]

1. d4 d5 2. Bf4 e6 3. e3 Nf6 4. Nf3 Be7 5. Bd3 c5 6. c3 O-O 7. Nbd2 Na6 8. h4
Qb6 9. Rb1 Qa5 10. a3 Bd7 11. Ne5 Bb5 12. Ndf3 Bxd3 13. Qxd3 cxd4 14. exd4 Ne4
15. Nd2 Nxd2 16. Bxd2 f6 17. Bg5 Qd8 18. Ng4 fxg5 19. hxg5 Bxg5 20. Qxh7+ Kf7
21. Qh5+ Kg8 22. Qh7+ Kf7 23. Ne5+ Ke8 24. Qg6+ Ke7 25. Qxg7+ Kd6 26. Nf7+ Rxf7
27. Qxf7 Be7 28. Rh6 Qd7 29. Qf4+ Kc6 30. b4 Nc7 31. a4 a6 32. Qc1 Rg8 33. b5+
axb5 34. axb5+ Kb6 35. Qc2 Rxg2 36. c4 Rg1+ 37. Ke2 Rxb1 38. Qxb1 dxc4 39. Qe4
Qxb5 40. Kd1 Qb3+ 41. Ke2 c3 42. Rh1 Qb2+ 43. Kd1 Qd2# {White checkmated} 0-1

[Event "Team 45 45 League T80"]
[Site "Internet Chess Club"]
[Date "2019.04.06"]
[Round "2"]
[White "howah45"]
[Black "g8wrb"]
[Result "0-1"]
[WhiteElo "1132"]
[BlackElo "1445"]
[Opening "French: advance, Euwe variation"]
[ECO "C02"]
[Time "16:01:01"]
[TimeControl "2700+45"]

1. e4 e6 2. d4 d5 3. e5 c5 4. c3 Nc6 5. Nf3 Bd7 6. Bb5 Nxe5 7. Bxd7+ Nxd7 8. Bf4
Ngf6 9. Nbd2 Qb6 10. Qc2 Rc8 11. Rc1 cxd4 12. Nxd4 e5 13. Be3 exd4 14. Bxd4 Qe6+
15. Kd1 Qg4+ 16. Nf3 Bd6 17. Qe2+ Qe4 18. Re1 O-O 19. Ng5 Qxe2+ 20. Rxe2 Bf4 21.
Be3 Bxe3 22. Rxe3 Rfe8 23. Rd3 Ne5 24. Re3 h6 25. Nf3 Nxf3 26. Rxf3 Re4 27. Kc2
Rce8 28. Kb1 Re1 29. Rxe1 Rxe1+ 30. Kc2 Ne4 31. h3 Re2+ 32. Kc1 Rxf2 33. Rd3 Nf6
34. g3 Kf8 35. a4 Ke7 36. Kb1 Kd6 37. Ka2 Re2 38. Ka3 Kc5 39. b3 Ne4 40. Rf3 f6
41. g4 Rc2 42. Rf1 Rxc3 43. h4 Nd2 44. Rf2 Ne4 45. Re2 Kd4 46. Kb4 Rg3 47. a5 a6
{White resigns} 0-1

[Event "Team 45 45 League T80"]
[Site "Internet Chess Club"]
[Date "2019.04.14"]
[Round "2"]
[White "DaveTheRook"]
[Black "Duguesclin"]
[Result "1-0"]
[WhiteElo "1565"]
[BlackElo "1503"]
[Opening "Queen's Indian: 4.Nc3"]
[ECO "E12"]
[Time "12:02:57"]
[TimeControl "2700+45"]

1. d4 Nf6 2. c4 e6 3. Nf3 b6 4. Nc3 Bb4 5. Qc2 O-O 6. a3 Bxc3+ 7. Qxc3 Ne4 8.
Qc2 Bb7 9. Nd2 f5 10. Nxe4 Bxe4 11. Qc3 Qf6 12. Bf4 d6 13. f3 Bb7 14. e3 Nd7 15.
Be2 e5 16. dxe5 dxe5 17. Bg3 f4 18. Bf2 Rad8 19. O-O Qg5 20. e4 Rf6 21. Rfd1 Rg6
22. Bf1 Bc8 23. Qe1 Rh6 24. Kh1 Rf8 25. Rd5 Nf6 26. Rd2 Nh5 27. Rad1 Ng3+ 28.
Bxg3 fxg3 29. h3 Rhf6 30. Rd8 Rxf3 31. Rxf8+ Rxf8 32. Kg1 Rf2 33. Rd3 Rxb2 34.
Qd1 Be6 35. Rd8+ Kf7 36. c5 Qe3+ 37. Kh1 g6 38. Qa4 b5 39. Qxa7 Qh6 40. Qxc7+
Kf6 41. Qd6 Rf2 42. Rf8+ Kg5 43. Rxf2 gxf2 44. Qxe6 Qh4 45. Qe7+ Kh5 46. Qxh4+
Kxh4 47. c6 Kg3 48. c7 Kf4 49. c8=Q Kxe4 50. Qg4+ {Black resigns} 1-0

[Event "Team 45 45 League T80"]
[Site "Internet Chess Club"]
[Date "2019.04.06"]
[Round "2"]
[White "President"]
[Black "pokerram"]
[Result "1-0"]
[WhiteElo "1661"]
[BlackElo "1542"]
[Opening "Nimzovich-Larsen attack: classical variation"]
[ECO "A01"]
[Time "11:00:20"]
[TimeControl "2700+45"]

1. b3 d5 2. Bb2 Nf6 3. e3 c5 4. Nf3 Nc6 5. Bb5 Bd7 6. Bxc6 Bxc6 7. Ne5 Qc7 8. f4
e6 9. O-O Bd6 10. d3 O-O-O 11. Nd2 Rdf8 12. d4 cxd4 13. Bxd4 Kb8 14. c4 Nd7 15.
Nxc6+ Qxc6 16. Bxg7 Rhg8 17. Bxf8 Bxf8 18. cxd5 exd5 19. Rc1 Qg6 20. Qf3 Bc5 21.
Rfe1 Qd3 22. Nf1 Qf5 23. Red1 Ba3 24. Rxd5 Qe6 25. Rcd1 Nb6 26. Rd8+ Rxd8 27.
Rxd8+ Kc7 28. Rd1 {Black resigns} 1-0

[Event "Team 45 45 League T80"]
[Site "Internet Chess Club"]
[Date "2019.04.05"]
[Round "2"]
[White "cpic2363"]
[Black "MathBandit"]
[Result "0-1"]
[WhiteElo "1533"]
[BlackElo "1585"]
[Opening "French: Tarrasch, closed variation"]
[ECO "C05"]
[Time "09:01:33"]
[TimeControl "2700+45"]

1. e4 e6 2. d4 d5 3. Nd2 Nf6 4. e5 Nfd7 5. Bd3 c5 6. c3 Nc6 7. Ne2 Qb6 8. Nf3 f6
9. exf6 Nxf6 10. O-O Bd6 11. dxc5 Bxc5 12. Ned4 O-O 13. Nxc6 bxc6 14. Ne5 Nd7
15. Nf3 e5 16. Nh4 Bxf2+ 17. Kh1 e4 18. Bxe4 dxe4 19. Qd6 e3 20. Qe6+ Kh8 21.
Ng6+ hxg6 22. Qh3+ Kg8 23. Qe6+ Rf7 24. Rxf2 exf2 25. Be3 Qxe3 26. Qxe3 f1=Q+
27. Rxf1 Rxf1+ {White resigns} 0-1

[Event "Team 45 45 League T80"]
[Site "Internet Chess Club"]
[Date "2019.04.03"]
[Round "2"]
[White "BrerRabbit"]
[Black "Megasus"]
[Result "1-0"]
[WhiteElo "1423"]
[BlackElo "1477"]
[Opening "Queen's pawn: London system"]
[ECO "A45"]
[Time "20:40:48"]
[TimeControl "2700+45"]

1. d4 Nf6 2. Bf4 d6 3. e3 Nc6 4. Nf3 h6 5. c3 Bf5 6. Nbd2 a6 7. Be2 Qc8 8. c4
Nb4 9. O-O Nd3 10. Qb3 Nxf4 11. exf4 Rg8 12. Bd3 Rb8 13. Qc2 Bg4 14. Rfe1 g5 15.
fxg5 hxg5 16. Re3 Kd8 17. Ne4 Nxe4 18. Bxe4 f5 19. Bd3 f4 20. Ree1 Bxf3 21. Bf5
Bg4 22. Bxc8 Kxc8 23. d5 b6 24. b3 Bd7 25. f3 g4 26. Qd3 Kb7 27. Re2 Re8 28.
Rae1 Kc8 29. Qe4 e5 30. dxe6 Bxe6 31. Qxf4 Bh6 32. Qxh6 gxf3 33. Qxe6+ Rxe6 34.
Rxe6 Rxg2+ 35. Kh1 Rxa2 36. h4 Ra5 37. Rf1 Kd7 38. Re4 Rf5 39. Kh2 c6 40. Kg3 d5
41. Rf4 Rxf4 42. Kxf4 dxc4 43. Rxf3 cxb3 44. Rxb3 b5 45. Ke4 Ke6 46. Kd4 Kf5 47.
Kc5 Kg4 48. Ra3 Kxh4 49. Rxa6 Kg4 50. Rxc6 Kf4 51. Kxb5 Ke4 52. Kc5 Ke5 53. Rc8
Ke4 54. Rd8 Ke5 55. Re8+ Kf4 56. Kd5 Kf3 57. Kd4 Kf4 58. Rf8+ Kg5 59. Ke4 Kg6
60. Ke5 Kg7 61. Rf1 Kg6 62. Rf2 Kg5 63. Rg2+ Kh4 64. Kf5 Kh3 65. Rg8 Kh2 66. Kf4
Kh3 67. Rg7 Kh2 68. Kf3 {Black resigns} 1-0

[Event "Team 45 45 League T80"]
[Site "Internet Chess Club"]
[Date "2019.04.06"]
[Round "2"]
[White "Egmont"]
[Black "fireball"]
[Result "1-0"]
[WhiteElo "1569"]
[BlackElo "1642"]
[Opening "Budapest: Rubinstein variation"]
[ECO "A52"]
[Time "10:05:48"]
[TimeControl "2700+45"]

1. d4 Nf6 2. c4 e5 3. dxe5 Ng4 4. Bf4 Nc6 5. Nf3 Bb4+ 6. Nbd2 Qe7 7. e3 Ngxe5 8.
Nxe5 Nxe5 9. Be2 O-O 10. O-O b6 11. Nf3 Bd6 12. Nxe5 Bxe5 13. Qd5 Bxf4 14. Qxa8
Bd6 15. Qf3 c6 16. Qh5 Qf6 17. Rab1 Re8 18. g3 Re5 19. Qf3 Rf5 20. Qg2 Bc5 21.
b4 Bd6 22. e4 Rg5 23. f4 Rg6 24. e5 Bxe5 25. fxe5 Qxe5 26. Rb3 d5 27. cxd5 Rh6
28. dxc6 Bh3 29. Qf3 Bxf1 30. c7 Qxc7 31. Qa8+ {Black resigns} 1-0

[Event "Team 45 45 League T80"]
[Site "Internet Chess Club"]
[Date "2019.04.09"]
[Round "2"]
[White "Skeptic1972"]
[Black "Hal2001"]
[Result "1-0"]
[WhiteElo "1545"]
[BlackElo "1534"]
[Opening "Robatsch (modern) defense"]
[ECO "B06"]
[Time "13:06:45"]
[TimeControl "2700+45"]

1. e4 g6 2. d4 Bg7 3. Nf3 c5 4. Bc4 cxd4 5. Nxd4 Nc6 6. c3 Qb6 7. Nxc6 bxc6 8.
Qb3 Qxb3 9. Bxb3 Ba6 10. Bf4 Nf6 11. Nd2 Bd3 12. f3 Ba6 13. O-O-O Nh5 14. Be3
O-O 15. g4 Nf6 16. h4 h5 17. gxh5 Nxh5 18. Rdg1 Kh7 19. f4 f5 20. exf5 Rxf5 21.
Bc2 Rf6 22. Rg5 Kh6 23. f5 Rd6 24. Rxh5+ Kxh5 25. Bd1+ {Black resigns} 1-0

[Event "Team 45 45 League T80"]
[Site "Internet Chess Club"]
[Date "2019.04.07"]
[Round "2"]
[White "Constrictor"]
[Black "JPSVI"]
[Result "1-0"]
[WhiteElo "1547"]
[BlackElo "1462"]
[Opening "Réti: Nimzovich-Larsen attack"]
[ECO "A01"]
[Time "20:04:51"]
[TimeControl "2700+45"]

1. b3 d5 2. Nf3 c6 3. Bb2 Bg4 4. e3 Nd7 5. Be2 e6 6. O-O Ngf6 7. c4 Bd6 8. d3
O-O 9. Nbd2 e5 10. Nd4 Bxe2 11. Nxe2 Qe7 12. Ng3 Qe6 13. Qc2 Rac8 14. Rae1 Rfe8
15. Qb1 Ng4 16. Nf3 f6 17. e4 d4 18. Nf5 Nh6 19. Nxh6+ gxh6 20. Nh4 Bb4 21. Rd1
Qg4 22. Nf5 Bf8 23. Bc1 Qg6 24. f4 Kh8 25. Rf3 h5 26. Qc2 Nc5 27. fxe5 fxe5 28.
Rg3 Qe6 29. Qe2 Nd7 30. Qxh5 Nf6 31. Qf3 Qf7 32. Rf1 Nh5 33. Rg5 Ng7 34. Qh3
Nxf5 35. Rgxf5 Qe6 36. Rxf8+ {Black resigns} 1-0

[Event "Team 45 45 League T80"]
[Site "Internet Chess Club"]
[Date "2019.04.06"]
[Round "2"]
[White "nidusin2"]
[Black "Gilguli"]
[Result "1/2-1/2"]
[WhiteElo "1459"]
[BlackElo "1345"]
[Opening "Queen's pawn: Chigorin variation"]
[ECO "D00"]
[Time "11:04:34"]
[TimeControl "2700+45"]

1. d4 d5 2. Nc3 Nf6 3. Bf4 Nc6 4. e3 Bg4 5. Nf3 Nh5 6. Bg5 f6 7. Bh4 g5 8. Bg3
Nxg3 9. hxg3 e5 10. dxe5 Bb4 11. Qd3 fxe5 12. Nd2 a6 13. Nxd5 Qd6 14. f3 O-O-O
15. Nxb4 Nxb4 16. Qxd6 Rxd6 17. Bd3 Be6 18. Ke2 Nxd3 19. cxd3 Rhd8 20. Ne4 Rxd3
21. b3 g4 22. Rac1 Bf5 23. Nc3 Rd2+ 24. Kf1 Bd3+ 25. Kg1 Bg6 26. e4 R2d3 27. Kf2
Rd2+ 28. Kg1 R8d3 29. Nd5 c6 30. Ne7+ Kb8 31. Nxg6 hxg6 32. Rc5 gxf3 33. gxf3
Rxf3 34. Rxe5 Rc3 35. Re8+ Ka7 36. Rf8 Rcc2 37. Rh7 Rxa2 38. Rff7 Ra1+ 39. Rf1
Ra3 40. b4 Rb3 41. Rg7 Rxg3+ 42. Kh1 Rb2 43. Rf6 Rxb4 44. Rxc6 Rxe4 45. Rcxg6
Rxg6 46. Rxg6 a5 47. Kg2 a4 48. Kf3 Rb4 49. Rg2 a3 50. Ra2 Ra4 51. Ke3 b5 52.
Kd3 Kb6 53. Kc3 Kc5 54. Kb3 Ra5 55. Rc2+ Kd4 56. Ra2 Kc5 57. Rc2+ Kb6 58. Ra2
Ra4 59. Rxa3 Rxa3+ 60. Kxa3 Kc5 61. Kb3 b4 62. Kb2 Kc4 63. Kc2 b3+ 64. Kb2 Kb4
65. Kb1 Kc3 66. Kc1 b2+ 67. Kb1 Kd2 68. Kxb2 {Game drawn because neither player
has mating material} 1/2-1/2

[Event "Team 45 45 League T80"]
[Site "Internet Chess Club"]
[Date "2019.04.07"]
[Round "2"]
[White "PolishRyszard"]
[Black "Percival"]
[Result "1/2-1/2"]
[WhiteElo "1866"]
[BlackElo "1919"]
[Opening "French: Rubinstein variation"]
[ECO "C10"]
[Time "01:31:15"]
[TimeControl "2700+45"]

1. d4 d5 2. e4 e6 3. Nc3 dxe4 4. f3 e3 5. Bxe3 Nf6 6. Bd3 Be7 7. f4 O-O 8. Nf3
b6 9. Qe2 Bb7 10. O-O Nbd7 11. Rad1 Re8 12. Kh1 Nf8 13. Ne5 Nd5 14. Bb5 Nxc3 15.
bxc3 c6 16. Bxc6 Bxc6 17. Nxc6 Qc7 {Game drawn by mutual agreement} 1/2-1/2

[Event "Team 45 45 League T80"]
[Site "Internet Chess Club"]
[Date "2019.04.05"]
[Round "2"]
[White "gnat"]
[Black "disinformator"]
[Result "1/2-1/2"]
[WhiteElo "1957"]
[BlackElo "1811"]
[Opening "Caro-Kann: anti-anti-Caro-Kann defense"]
[ECO "B10"]
[Time "23:00:41"]
[TimeControl "2700+45"]

1. e4 c6 2. c4 d5 3. cxd5 cxd5 4. exd5 Nf6 5. Qa4+ Bd7 6. Qb3 Qc7 7. Nc3 Na6 8.
d4 Qb6 9. Bc4 Qxb3 10. Bxb3 g6 11. Nf3 Bg7 12. O-O O-O-O 13. h3 b5 14. Ne5 Be8
15. a4 b4 16. Nb5 Nxd5 17. Nxa7+ Kb7 18. Nb5 e6 19. Nd3 Kb6 20. Bc4 Bxb5 21.
axb5 Nac7 22. Be3 Nxb5 23. Bxd5 exd5 24. Nxb4 Bxd4 25. Bxd4+ Nxd4 26. Rfd1 Ne2+
27. Kf1 Nf4 28. Rd4 g5 29. g3 Kc5 30. Nc2 Ne6 31. Ra5+ Kc6 32. Nb4+ Kb6 33.
Rdxd5 Rxd5 34. Rxd5 Rd8 35. Rxd8 Nxd8 36. Nd5+ Kc5 37. Nf6 h6 38. Ke2 Ne6 39.
Kf3 Kd4 40. Kg4 Ng7 41. h4 gxh4 42. gxh4 Ke5 43. Nd7+ Kd6 44. Nb6 Ke5 45. Nc4+
Kd5 46. Ne3+ Ke4 47. b4 f5+ 48. Nxf5 Nxf5 49. b5 Nd6 50. b6 Kd5 51. Kh5 Kc6 52.
Kxh6 Kxb6 53. Kg6 Kc6 54. h5 Kd7 55. h6 Ke7 56. h7 Nf7 57. Kg7 Nh8 58. f4 Nf7
59. f5 Ke8 60. Kg8 Ke7 61. Kg7 Ke8 62. f6 Nh8 63. Kg8 Nf7 64. Kg7 Nh8 65. Kxh8
Kf7 {White stalemated} 1/2-1/2

[Event "Team 45 45 League T80"]
[Site "Internet Chess Club"]
[Date "2019.04.05"]
[Round "2"]
[White "cadmiumorange"]
[Black "jjimalo"]
[Result "1-0"]
[WhiteElo "1733"]
[BlackElo "1764"]
[Opening "English: Carls' Bremen system"]
[ECO "A22"]
[Time "10:00:20"]
[TimeControl "2700+45"]

1. c4 Nf6 2. Nc3 e5 3. g3 Nc6 4. Bg2 d6 5. e4 Be7 6. Nge2 O-O 7. O-O a5 8. d3 h6
9. h3 Be6 10. Nd5 Bxd5 11. cxd5 Nb8 12. d4 Na6 13. Be3 Qd7 14. f4 exf4 15. Nxf4
Rfe8 16. e5 Nh7 17. e6 fxe6 18. dxe6 Qc8 19. d5 b6 20. Nh5 Bg5 21. Bxg5 Nxg5 22.
h4 Nh7 23. Rf7 Nf6 24. Nxf6+ gxf6 25. Qg4+ {Black resigns} 1-0

[Event "Team 45 45 League T80"]
[Site "Internet Chess Club"]
[Date "2019.04.06"]
[Round "2"]
[White "Constrictor"]
[Black "walkover"]
[Result "0-1"]
[WhiteElo "1534"]
[BlackElo "1688"]
[Opening "Nimzovich-Larsen attack: classical variation"]
[ECO "A01"]
[Time "11:00:37"]
[TimeControl "2700+45"]

1. b3 d5 2. Bb2 Bg4 3. f3 Bh5 4. e3 Nd7 5. Be2 e6 6. f4 Bxe2 7. Qxe2 Ngf6 8. Nf3
c6 9. d3 a5 10. Nbd2 Qb6 11. h3 Bc5 12. Bd4 Bxd4 13. Nxd4 c5 14. N4f3 O-O 15.
O-O Rfe8 16. Kh1 e5 17. fxe5 Nxe5 18. Rae1 Nh5 19. Qf2 Qc7 20. Kg1 Ng6 21. e4
Ng3 22. Ng5 Nxf1 23. Rxf1 f6 24. Ngf3 dxe4 25. Nxe4 b6 26. Nh2 a4 27. Ng4 Rf8
28. Qf5 axb3 29. axb3 Qc6 30. h4 Nxh4 31. Qh5 Ng6 32. Ne3 Rae8 33. g4 Rxe4 34.
dxe4 Qxe4 35. Nc4 Qxc2 36. Qd5+ Kh8 37. Nd6 Ne5 38. g5 Qg6 39. Ne4 h6 40. Rf2
Re8 41. Rg2 Nf3+ {White resigns} 0-1

[Event "Team 45 45 League T80"]
[Site "Internet Chess Club"]
[Date "2019.04.05"]
[Round "2"]
[White "backrankbrawler"]
[Black "primerpaso"]
[Result "0-1"]
[WhiteElo "1691"]
[BlackElo "1858"]
[Opening "Queen's pawn game"]
[ECO "D04"]
[Time "13:30:49"]
[TimeControl "2700+45"]

1. d4 Nf6 2. Nf3 d5 3. e3 g6 4. b4 Bg7 5. Bb2 O-O 6. Nbd2 b6 7. c4 c6 8. a4 a5
9. bxa5 bxa5 10. Nb3 Nbd7 11. Bc3 Ne4 12. Qc2 dxc4 13. Qxe4 cxb3 14. Qxc6 Rb8
15. Bb5 Nf6 16. Qc4 Be6 17. Qe2 Ne4 18. Bb2 Qd5 19. O-O Rfc8 20. Rfc1 Nd6 21.
Ba6 Rc6 22. Bd3 Rbc8 23. Rxc6 Qxc6 24. e4 Qb6 25. d5 Bxb2 26. Qxb2 Bd7 27. Nd4
Nc4 28. Bxc4 Rxc4 29. Nf3 Rc2 30. Qd4 b2 {White resigns} 0-1

[Event "Team 45 45 League T80"]
[Site "Internet Chess Club"]
[Date "2019.04.07"]
[Round "2"]
[White "nathanpillay"]
[Black "Portola"]
[Result "0-1"]
[WhiteElo "1745"]
[BlackElo "1804"]
[Opening "Catalan: closed, 7.Qc2"]
[ECO "E08"]
[Time "12:00:36"]
[TimeControl "2700+45"]

1. d4 d5 2. c4 e6 3. Nf3 Nf6 4. g3 Be7 5. Bg2 O-O 6. O-O Nbd7 7. Qc2 Re8 8. Nbd2
c6 9. e4 dxe4 10. Nxe4 Nxe4 11. Qxe4 Nf6 12. Qe2 Qc7 13. c5 Nd5 14. a3 a5 15.
Bd2 b6 16. Rfc1 bxc5 17. dxc5 Bf6 18. Bg5 Ba6 19. Qc2 Qe7 20. Bxf6 Qxf6 21. Nd2
Rab8 22. Rab1 Red8 23. Ne4 Qg6 24. Rd1 Bb5 25. Rbc1 h6 26. Rd2 Rf8 27. Qd1 Qf5
28. Nc3 Qf6 29. Qe1 Ba6 30. Ne4 Qe5 31. f4 Qf5 32. Rf2 a4 33. Qd1 Rb3 34. Qd4
Bb5 35. Nd6 Qh5 36. Be4 Rb8 37. Bc2 Re3 38. g4 Qh3 39. f5 e5 40. Qd1 Nf4 41.
Nxb5 cxb5 42. c6 Rc8 43. c7 Rxc7 44. Qd8+ Kh7 45. f6+ Rxc2 46. Rfxc2 Qxg4+ 47.
Kf1 Qf3+ {White resigns} 0-1

[Event "Team 45 45 League T80"]
[Site "Internet Chess Club"]
[Date "2019.04.05"]
[Round "2"]
[White "junard"]
[Black "fledermaus"]
[Result "1/2-1/2"]
[WhiteElo "1810"]
[BlackElo "1795"]
[Opening "QGD semi-Slav"]
[ECO "D43"]
[Time "08:01:28"]
[TimeControl "2700+45"]

1. Nf3 d5 2. d4 Nf6 3. c4 e6 4. Nc3 c6 5. cxd5 exd5 6. Bg5 h6 7. Bh4 Bf5 8. e3
Qb6 9. Qb3 Nbd7 10. Be2 Bd6 11. O-O Qxb3 12. axb3 O-O 13. Bg3 Bxg3 14. hxg3 a6
15. Rac1 Rae8 16. Na4 Re7 17. Rfd1 Rfe8 18. Nd2 Ne4 19. Nxe4 Bxe4 {Game drawn by
mutual agreement} 1/2-1/2

[Event "Team 45 45 League T80"]
[Site "Internet Chess Club"]
[Date "2019.04.07"]
[Round "2"]
[White "zepled37"]
[Black "cadmiumorange"]
[Result "1-0"]
[WhiteElo "1735"]
[BlackElo "1675"]
[Opening "Robatsch (modern) defense"]
[ECO "B06"]
[Time "09:06:30"]
[TimeControl "2700+45"]

1. e4 g6 2. d4 Bg7 3. Nf3 d6 4. Be2 a6 5. O-O b5 6. Re1 Bb7 7. Bf1 Nd7 8. Bf4 e5
9. Bg5 f6 10. Bh4 g5 11. Bg3 h5 12. h3 Ne7 13. a4 b4 14. c3 a5 15. cxb4 axb4 16.
Nbd2 Ng6 17. Bc4 Qe7 18. Nf1 Bh6 19. Qc2 g4 20. hxg4 hxg4 21. N3h2 Qh7 22. Ne3
Bxe3 23. fxe3 Nh4 24. Bd3 O-O-O 25. a5 b3 26. Qxb3 Bxe4 27. Ba6+ {Black resigns}
1-0

[Event "Team 45 45 League T80"]
[Site "Internet Chess Club"]
[Date "2019.04.07"]
[Round "2"]
[White "KCChessc6"]
[Black "Grenadier"]
[Result "1/2-1/2"]
[WhiteElo "1731"]
[BlackElo "1646"]
[Opening "English, 1...Nf6 (Anglo-Indian defense)"]
[ECO "A15"]
[Time "11:02:51"]
[TimeControl "2700+45"]

1. c4 Nf6 2. g3 e6 3. Bg2 c6 4. Nf3 d5 5. b3 Be7 6. Bb2 Nbd7 7. O-O Qb6 8. d3
O-O 9. Nbd2 a5 10. e4 dxe4 11. Nxe4 Nxe4 12. dxe4 a4 13. e5 Nc5 14. Nd2 Rd8 15.
Qc2 Bg5 16. Ne4 Nxe4 17. Bxe4 g6 18. Rfd1 axb3 19. Rxd8+ Bxd8 20. Qxb3 Qxb3 21.
axb3 Rxa1+ 22. Bxa1 Kg7 23. f4 Kf8 24. Bd4 Bd7 25. c5 Kg7 26. b4 Kf8 27. Kf2 Ke7
28. Ke3 Ke8 29. b5 Ke7 30. h4 h5 31. b6 {Game drawn by mutual agreement} 1/2-1/2

[Event "Team 45 45 League T80"]
[Site "Internet Chess Club"]
[Date "2019.04.03"]
[Round "2"]
[White "GoIrish"]
[Black "mongmong"]
[Result "1/2-1/2"]
[WhiteElo "1495"]
[BlackElo "1480"]
[Opening "Réti opening"]
[ECO "A04"]
[Time "20:01:06"]
[TimeControl "2700+45"]

1. Nf3 e6 2. g3 Nf6 3. Bg2 d5 4. O-O b6 5. d3 Bb7 6. Nbd2 c5 7. Re1 Be7 8. a4
Nc6 9. e4 Qc7 10. exd5 exd5 11. c3 O-O 12. Nf1 Rad8 13. Bf4 Bd6 14. Bg5 Be7 15.
Qc2 h6 16. Bd2 Rfe8 17. Nh4 Bf8 18. Nf5 Bc8 19. Bf4 Qb7 20. d4 Bxf5 21. Qxf5
Rxe1 22. Rxe1 cxd4 23. cxd4 Bb4 24. Rd1 Qd7 25. Qxd7 Rxd7 26. Bh3 Rd8 27. Ne3
Bd6 28. Bxd6 Rxd6 29. Bg2 Kf8 30. Kf1 h5 31. Kg1 g6 32. f4 Kg7 33. h3 Ne4 34. g4
hxg4 35. hxg4 Ne7 36. Rc1 f5 37. Rc7 Kf6 38. g5+ Ke6 39. Rxa7 Nc6 40. Rg7 Nxd4
41. Rxg6+ Kd7 42. Rxd6+ Kxd6 43. Bxe4 dxe4 44. b4 Ne2+ 45. Kf2 Nxf4 46. Nxf5+
Ke5 47. Ne7 Nd3+ 48. Ke3 Nxb4 49. Nc8 Nd5+ 50. Ke2 Kf5 51. Nd6+ Kxg5 52. Nxe4+
Kf5 53. Nd6+ Ke5 54. Nc4+ Kd4 55. Nxb6 Nxb6 56. a5 Na8 {Game drawn by mutual
agreement} 1/2-1/2

[Event "Team 45 45 League T80"]
[Site "Internet Chess Club"]
[Date "2019.04.09"]
[Round "2"]
[White "ChessHouston"]
[Black "kidcobra"]
[Result "1-0"]
[WhiteElo "1740"]
[BlackElo "1819"]
[Opening "Scandinavian (center counter) defense"]
[ECO "B01"]
[Time "21:00:33"]
[TimeControl "2700+45"]

1. e4 d5 2. exd5 Qxd5 3. Nc3 Qa5 4. d4 Nf6 5. Bd2 c6 6. Bd3 Qc7 7. Nge2 e6 8.
Ng3 Nbd7 9. Qf3 e5 10. O-O-O exd4 11. Rhe1+ Ne5 12. Qf4 Bd6 13. Qxd4 Be6 14. Bg5
Nxd3+ 15. Rxd3 Be7 16. Nf5 Bxf5 17. Bxf6 gxf6 18. Qxf6 Qf4+ 19. Kb1 O-O 20. Rxe7
Qb4 21. a3 Qc5 22. Re5 Qxe5 23. Qxe5 Bxd3 24. cxd3 f6 25. Qg3+ Kh8 26. Qc7 Rab8
27. Ne4 Kg8 28. Qe7 Rf7 29. Nxf6+ Kg7 30. Nh5+ Kg8 31. Qg5+ Kf8 32. Nf6 Rd8 33.
Nxh7+ Ke8 34. Qh5 Ke7 35. Qe5+ Kd7 36. Nf6+ Kc8 37. Qe6+ Rfd7 38. h4 Kc7 39.
Nxd7 Rxd7 40. Qxd7+ Kxd7 41. h5 Ke7 42. g4 a5 43. f4 b5 44. g5 b4 45. axb4 axb4
46. Kc2 c5 47. Kb3 Kd6 48. h6 Kc6 49. h7 Kb5 50. h8=Q c4+ 51. dxc4+ Kc5 52. Qe5+
Kc6 53. Qd5+ Kb6 54. c5+ Ka6 55. Qc6+ Ka5 56. Qb6# {Black checkmated} 1-0

[Event "Team 45 45 League T80"]
[Site "Internet Chess Club"]
[Date "2019.04.06"]
[Round "2"]
[White "idjit"]
[Black "ChessRooklift"]
[Result "0-1"]
[WhiteElo "1634"]
[BlackElo "1699"]
[Opening "Sicilian: Grand Prix attack"]
[ECO "B23"]
[Time "14:02:35"]
[TimeControl "2700+45"]

1. e4 c5 2. Nc3 Nc6 3. f4 g6 4. Nf3 Bg7 5. Bb5 a6 6. Bxc6 bxc6 7. d3 d5 8. O-O
Nf6 9. Qe1 Rb8 10. e5 Nh5 11. Na4 Rb5 12. c4 dxc4 13. dxc4 Rb4 14. Qe4 Rxa4
{White resigns} 0-1

[Event "Team 45 45 League T80"]
[Site "Internet Chess Club"]
[Date "2019.04.05"]
[Round "2"]
[White "Goli"]
[Black "RD1974"]
[Result "1/2-1/2"]
[WhiteElo "1704"]
[BlackElo "1580"]
[Opening "Scandinavian: Pytel-Wade variation"]
[ECO "B01"]
[Time "17:02:22"]
[TimeControl "2700+45"]

1. e4 d5 2. exd5 Qxd5 3. Nc3 Qd6 4. d4 c6 5. Nf3 Bf5 6. Bd3 Bg6 7. O-O Nf6 8.
Re1 e6 9. Bg5 Nbd7 10. Qe2 Be7 11. a3 Bxd3 12. Qxd3 Nd5 13. Bxe7 Nxe7 14. Rad1
Nd5 15. Ne4 Qe7 16. g3 h6 17. c4 N5f6 18. Ne5 O-O 19. Nxd7 Nxd7 20. Qb3 b6 21.
Qf3 Rfd8 22. Nc3 Rac8 23. d5 cxd5 24. cxd5 e5 25. Nb5 Qf6 26. Qxf6 Nxf6 27. Nxa7
Rc2 28. Nc6 Rd7 29. Nxe5 Rxd5 30. Rxd5 Nxd5 31. Rd1 Nf6 32. b4 Ra2 33. Rd3 Ne4
34. Ng4 h5 35. f3 Nd2 36. Ne5 f6 37. Nd7 Nc4 38. h4 Kf7 39. Rc3 b5 40. Nc5 Nxa3
41. Ne4 Kg6 42. Rb3 Nc4 43. Nc3 Ra3 44. Rxa3 Nxa3 45. Kf2 Nc2 46. Na2 Kf5 47.
Ke2 Nd4+ 48. Ke3 Ke5 49. f4+ Kd5 50. Kd3 Nf5 51. Nc3+ Kc6 52. Ne2 Kd5 53. Nc3+
Kc6 54. Ne2 Kd5 55. Nc3+ Kc6 56. Ne2 {Game drawn by repetition} 1/2-1/2